 Dungeon Crawl Stone Soup version 0.29-a0-982-gaed3a0c8d8 (webtiles) character file.

Game seed: 14170974092079084609

27 MisterAzrael the Trooper (level 2, 0/27 HPs)
             Began as a Minotaur Fighter on Aug 1, 2022.
             Slain by a gnoll
             ... wielding a +0 whip
              (7 damage)
             ... on level 2 of the Dungeon.
             The game lasted 00:00:45 (582 turns).

MisterAzrael the Trooper (Minotaur Fighter)          Turns: 582, Time: 00:00:46

Health: 0/27       AC: 11    Str: 20    XL:     2   Next: 93%
Magic:  1/1        EV:  5    Int:  5    God:
Gold:   57         SH:  4    Dex:  9    Spells: 1/1 levels left

rFire   . . .      SeeInvis .   a - +0 long sword
rCold   . . .      Faith    .   c - +0 buckler
rNeg    . . .      Spirit   .   g - +0 plate armour
rPois   .          Reflect  .   (helmet restricted)
rElec   .          Harm     .   (no cloak)
rCorr   .          Rampage  .   (no gloves)
Will    .....                   (no boots)
Stlth   ..........              (no amulet)
HPRegen 0.09/turn               (no ring)
MPRegen 0.07/turn               (no ring)

@: mighty
A: horns 2, retaliatory headbutt
a: no special abilities


You were on level 2 of the Dungeon.
You visited 1 branch of the dungeon, and saw 2 of its levels.

You collected 57 gold pieces.

Inventory:

Hand Weapons
 a - a +0 long sword (weapon)
Missiles
 i - a throwing net (quivered)
Armour
 b - a +0 scale mail
 c - a +0 buckler (worn)
 g - a +0 plate armour (worn)
Scrolls
 e - 2 scrolls of vulnerability {unknown}
 h - a scroll of silence {unknown}
 k - a scroll of identify {unknown}
 l - 3 scrolls of blinking {unknown}
Potions
 f - a potion of haste {unknown}
 j - a potion of curing {unknown}


   Skills:
 + Level 4.2 Fighting
 + Level 3.2 Long Blades
 + Level 1.0 Throwing
 - Level 3.6 Armour
 - Level 3.6 Shields


You had one spell level left.
You didn't know any spells.
Your spell library was empty.

Dungeon Overview and Level Annotations

Branches:
Dungeon (2/15)

Altars:
Xom


Innate Abilities, Weirdness & Mutations

You have a pair of horns on your head.
You reflexively headbutt those who attack you in melee.


Message History

The ball python grabs you. The ball python constricts you.
The ball python bites you. The ball python constricts you.
You hit the ball python.
You kill the ball python!
No target in view!
l - 3 scrolls labelled CUIJENK EV HICOLO
Found a stone staircase leading up.
No target in view!
No target in view!
No target in view!
No target in view!
A gnoll comes into view. It is wielding a +0 club.
The gnoll shouts!
You hear a shout! x2
A gnoll comes into view. It is wielding a +0 whip.
A gnoll comes into view. It is wielding a +0 whip.
Found a shimmering altar of Xom.
The gnoll shouts!
A gnoll comes into view. It is wielding a +0 spear.
The gnoll shouts!
You block the gnoll's attack.
You slash the gnoll!
The gnoll is severely wounded.
The gnoll hits you with a +0 club. The gnoll hits you with a +0 whip.
You slash the gnoll!
You kill the gnoll!
The gnoll hits you but does no damage. x2
The gnoll hits you from afar with a +0 spear.
Your Throwing skill increases to level 1!
You slash the gnoll!
The gnoll is heavily wounded.
The gnoll hits you but does no damage. You block the gnoll's attack.
The gnoll hits you with a +0 whip. The gnoll hits you with a +0 club.
The gnoll hits you from afar with a +0 spear.
* * * LOW HITPOINT WARNING * * *
You are too injured to fight recklessly!
You are too injured to fight recklessly!
The gnoll hits you but does no damage.
You feel very mighty all of a sudden. The gnoll hits you with a +0 whip!
You die...

.. ########### .
#.........# # #.
#.........# ##.#.
#.........# . ......
#.........#####.#
#.....# #.........+...#.
..._..)###.........##...
.......g.@.........##..#
........gg.........##..#
...................##..#
....<......######......#
...........# ######.#
############ #.#
#.####.# #......##
#######.##


You could see 3 gnolls.

Vanquished Creatures
  A gnoll (D:2)
  3 ball pythons
  A giant cockroach (D:2)
  3 goblins
  2 hobgoblins (D:1)
  A kobold (D:1)
  A quokka (D:1)
  A bat (D:1)
  4 frilled lizards (D:1)
  A rat (D:2)
18 creatures vanquished.

Notes
Turn   | Place    | Note
-------+----------+-------------------------------------------
     0 | D:1      | MisterAzrael the Minotaur Fighter began the quest for the
                  | Orb.
     0 | D:1      | Reached XP level 1. HP: 19/19 MP: 0/0
   250 | D:1      | Reached skill level 4 in Fighting
   250 | D:1      | Reached XP level 2. HP: 23/27 MP: 1/1
   574 | D:2      | Found a shimmering altar of Xom.
   579 | D:2      | Reached skill level 1 in Throwing
   582 | D:2      | Slain by a gnoll

Illustrated notes

Levels and vault maps discovered:
D:1:      minmay_arrival_five_plusses, layout_rooms
D:2:      layout_basic, serial_shops, nicolae_shop_crystal, basic_altar

Skill      XL: |  1  2 |
---------------+-------+-----
Fighting       | 4 |  4.2
Long Blades    | 3 |  3.2
Throwing       | 1 |  1.0
Armour         | |  3.6
Shields        | |  3.6

Action                   || total
-------------------------++-------
Melee: Long sword        ||    37
       Headbutt          ||     7
  Use: Potion            ||     1
Armor: Plate armour      ||    20
Dodge: Dodged            ||    11
Block: Buckler           ||    10

Table legend: (Time is in decaauts)
 A = Elapsed time spent in this place.
 B = Non-inter-level travel time spent in this place.
 C = Inter-level travel time spent in this place.
 D = Time resting spent in this place.
 E = Time spent auto-exploring this place.
 F = Levels seen in this place.
 G = Mean time per level.
                   A        B        C        D        E       F      G
               +--------+--------+--------+--------+--------+-----+--------+
         Total |    591 |    568 |     23 |      0 |    430 |   2 |  295.5 |
       Dungeon |    591 |    568 |     23 |      0 |    430 |   2 |  295.5 |
               +--------+--------+--------+--------+--------+-----+--------+

Top non-repeatable levels by time:
     D:1: 506 daAuts
     D:2: 84 daAuts
